AoeStats
← AAOE | Urborg

Arena

509746733Analyzed
4v4 RM · 3d ago on Sep 27, 2026· 57m 57s· 8 players
Game mode
Random Map
Map size
Large (8 player)
Population
200
Speed
Normal
Resources
Standard
Victory
Conquest
Starting age
Dark Age
Ending age
Imperial Age
RankedLock teamsTeams togetherTeam positionsShared explorationLock speedFull tech treeHidden civsTurbo modeCheats
Victory
Defeat
🇪🇸 Mongols · Spain
1337
+10
🇪🇸 Spanish · Spain
1231
+15
🇪🇸 Varangians · Spain
1153
+18
🇪🇸 Magyars · Spain
1116
+19
🇨🇱 Cumans · Chile
1261
-18
🇨🇱 Slavs · Chile
1200
-16
🇨🇴 Saxons · Colombia
1166
-14
🇪🇸 Persians · Spain
1164
-14
Cookie Monster
10:27 Feudal Age
15:07 Castle Age
14:01 Double-Bit Axe
14:56 Horse Collar
17:49 Loom
22:25 Heavy Plow
23:57 Wheelbarrow
23:42 Bow Saw
25:07 Hand Cart
26:11 Gold Mining
27:47 Gold Shaft Mining
27:04 Stone Mining
27:45 Forging
27:36 Scale Mail Armor
31:07 Imperial Age
29:39 Iron Casting
29:35 Chain Mail Armor
30:21 Town Watch
31:50 Town Patrol
32:20 Conscription
31:25 Elite Hearth Troop
31:33 Shield Wall
32:46 Plate Mail Armor
36:49 Fletching
36:59 Padded Archer Armor
|GaoeG| Ratarax
11:39 Feudal Age
15:18 Castle Age
13:07 Double-Bit Axe
17:51 Horse Collar
18:27 Bow Saw
19:30 Loom
21:57 Stone Mining
23:46 Wheelbarrow
25:20 Heavy Plow
29:14 Imperial Age
27:32 Scale Barding Armor
29:15 Chain Barding Armor
29:05 Forging
29:04 Fletching
29:15 Padded Archer Armor
31:10 Crop Rotation
31:51 Kamandaran
32:46 Plate Barding Armor
32:23 Bodkin Arrow
34:00 Crossbowman
34:33 Crossbowman
35:19 Thumb Ring
36:00 Husbandry
36:11 Bloodlines
37:07 Leather Archer Armor
37:28 Iron Casting
37:11 Leather Archer Armor
39:11 Blast Furnace
38:28 Leather Archer Armor
39:48 Heavy Camel Rider
45:43 Ring Archer Armor
Sr Bolainas
10:27 Feudal Age
14:33 Castle Age
13:20 Horse Collar
13:55 Double-Bit Axe
23:24 Forging
24:22 Bloodlines
25:41 Wheelbarrow
24:52 Town Watch
25:16 Scale Barding Armor
25:50 Husbandry
27:05 Chain Barding Armor
28:39 Heavy Plow
33:59 Imperial Age
31:17 Loom
31:47 Hand Cart
32:36 Masonry
32:37 Fortified Wall
33:10 Iron Casting
32:56 Fletching
33:59 Gold Mining
35:05 Conscription
34:12 Cavalier
36:36 Detinets
37:16 Gold Shaft Mining
38:44 Plate Barding Armor
41:39 Blast Furnace
40:54 Squires
40:58 Scale Mail Armor
42:09 Bodkin Arrow
42:37 Ballistics
43:19 Chemistry
42:09 Pikeman
43:23 Druzhina
42:52 Elite Skirmisher
43:49 Bow Saw
43:41 Halberdier
44:49 Elite Boyar
45:09 Onager
AAOE | Urborg
9:25 Feudal Age
10:56 Double-Bit Axe
10:51 Horse Collar
15:28 Town Watch
15:38 Loom
17:25 Fletching
20:45 Castle Age
21:52 Crossbowman
23:32 Bodkin Arrow
26:33 Padded Archer Armor
27:44 Wheelbarrow
27:59 Ballistics
29:22 Bow Saw
29:42 Thumb Ring
30:32 Heavy Plow
30:22 Gold Mining
30:31 Capped Ram
33:15 Hand Cart
33:13 Masonry
38:45 Imperial Age
36:45 Leather Archer Armor
37:13 Gold Shaft Mining
38:15 Pikeman
38:55 Squires
39:15 Siege Ram
41:13 Chemistry
41:48 Halberdier
42:55 Conscription
42:11 Elite Skirmisher
43:31 Scale Mail Armor
44:48 Chain Mail Armor
46:08 Plate Mail Armor
54:13 Man-at-Arms
56:16 Forging
SuterOne
10:29 Feudal Age
11:37 Double-Bit Axe
11:54 Loom
14:53 Castle Age
12:50 Horse Collar
14:59 Scale Mail Armor
17:44 Loom
18:35 Wheelbarrow
25:55 Gold Mining
27:23 Forging
31:04 Imperial Age
28:54 Squires
29:21 Town Watch
31:27 Bloodlines
31:19 Husbandry
32:16 Conscription
31:22 Vendel Legacy
33:34 Scale Barding Armor
34:01 Cavalier
37:03 Hand Cart
38:58 Iron Casting
39:03 Chain Barding Armor
42:49 Arson
45:18 Blast Furnace
45:14 Town Patrol
45:27 Bow Saw
45:12 Stone Mining
49:31 Plate Barding Armor
50:34 Elite Varangian Guard
52:11 Chain Mail Armor
53:55 Light Cavalry
JITANOmaleant7
7:21 Loom
10:22 Feudal Age
15:03 Castle Age
13:19 Double-Bit Axe
13:15 Horse Collar
14:49 Wheelbarrow
16:18 Bow Saw
21:20 Heavy Plow
22:46 Stone Mining
22:46 Gold Mining
24:18 Gold Mining
30:21 Imperial Age
28:47 Hand Cart
29:21 Fletching
29:33 Padded Archer Armor
30:27 Bodkin Arrow
30:55 Ballistics
30:48 Bloodlines
30:38 Husbandry
31:41 Bracer
32:15 Thumb Ring
32:36 Parthian Tactics
34:26 Chemistry
35:59 Leather Archer Armor
36:11 Scale Barding Armor
36:17 Forging
35:29 Elite Mangudai
36:44 Conscription
36:33 Light Cavalry
38:03 Chain Barding Armor
38:43 Masonry
38:53 Siege Engineers
38:43 Hussar
40:54 Iron Casting
45:29 Blast Furnace
49:58 Capped Ram
52:08 Siege Ram
52:59 Scale Mail Armor
53:03 Squires
52:27 Man-at-Arms
54:27 Chain Mail Armor
53:34 Long Swordsman
54:05 Long Swordsman
55:47 Plate Mail Armor
55:34 Two-Handed Swordsman
57:15 Champion
|GaoeG| flamingo
11:37 Feudal Age
10:11 Loom
11:57 Feudal Age
13:09 Double-Bit Axe
15:48 Castle Age
13:51 Horse Collar
17:56 Bow Saw
17:48 Heavy Plow
22:31 Padded Archer Armor
23:09 Gold Mining
27:33 Wheelbarrow
29:34 Hand Cart
29:41 Town Watch
35:00 Imperial Age
34:02 Leather Archer Armor
33:52 Scale Mail Armor
34:03 Forging
36:56 Chemistry
37:00 Conscription
37:08 Fletching
37:49 Ring Archer Armor
42:08 Chain Mail Armor
ErafaE
11:06 Feudal Age
14:45 Castle Age
12:57 Double-Bit Axe
15:50 Bow Saw
20:02 Horse Collar
21:21 Wheelbarrow
21:09 Heavy Plow
21:11 Gold Mining
23:20 Gold Shaft Mining
23:35 Hand Cart
29:53 Imperial Age
27:09 Loom
27:34 Husbandry
28:28 Bloodlines
27:41 Light Cavalry
28:29 Scale Barding Armor
29:34 Chain Barding Armor
29:22 Town Watch
30:04 Cavalier
30:07 Hussar
31:40 Plate Barding Armor
31:32 Paladin
33:59 Two-Man Saw
33:31 Crop Rotation
35:01 Town Patrol
36:56 Ballistics
37:36 Chemistry
36:42 Siege Engineers
36:49 Masonry
36:36 Fletching
37:50 Conscription
37:52 Corvinian Army
42:51 Elite Magyar Huszar
Connection lost

Rejoining the realm…

Still unreachable

The connection could not be restored.

Session expired

The server has moved on; the page needs a fresh start.